 Dungeon Crawl Stone Soup version 0.27.1-33-g824d729ab1 (webtiles) character file.

Game seed: 15131011159467038708

28 lonewolfV2 the Firebug (level 3, 0/31 HPs)
             Began as an Ogre Fire Elementalist on Dec 10, 2021.
             Was an Initiate of the Shining One.
             Slain by a goblin (2 damage)
             ... on level 2 of the Dungeon.
             The game lasted 00:03:30 (1587 turns).

lonewolfV2 the Firebug (Ogre Fire Elementalist)     Turns: 1587, Time: 00:03:31

Health: 0/31       AC:  3    Str: 12    XL:     3   Next: 12%
Magic:  4/7        EV: 10    Int: 16    God:    the Shining One [......]
Gold:   20         SH:  0    Dex: 10    Spells: 6/7 levels left

rFire    . . .     SeeInvis .   (no weapon)
rCold    . . .     Faith    .   (no shield)
rNeg     . . .     Spirit   .   a - +0 robe
rPois    .         Reflect  .   (helmet restricted)
rElec    .         Harm     .   (no cloak)
rCorr    .         Rampage  .   (gloves unavailable)
Will     .....                  (boots unavailable)
Stlth    +.........             (no amulet)
HPRegen  0.10/turn              (no ring)
MPRegen  0.10/turn              (no ring)

@: very slightly contaminated, glowing
A: large, unfitting armour, tough skin 1
a: Renounce Religion


You were on level 2 of the Dungeon.
You worshipped the Shining One.
The Shining One was noncommittal.
You visited 1 branch of the dungeon, and saw 2 of its levels.

You collected 20 gold pieces.

Inventory:

Armour
 a - a +0 robe (worn)
Potions
 b - 2 potions of curing {unknown}


   Skills:
 + Level 0.2 Fighting
 + Level 2.0 Dodging
 + Level 1.4 Stealth
 + Level 0.1 Unarmed Combat
 + Level 2.8 Spellcasting
 + Level 1.0 Conjurations
 + Level 3.3 Fire Magic


You had 6 spell levels left.
You knew the following spells:

 Your Spells              Type           Power      Damage    Failure   Level
a - Foxfire               Conj/Fire      36%        2x1d5     8%          1

Your spell library contained the following spells:

 Spells                   Type           Power      Damage    Failure   Level
 Conjure Flame            Conj/Fire      9%         6-21      24%         3
 Inner Flame              Hex/Fire       7%         N/A       28%         3
 Sticky Flame             Conj/Fire      9%         2d3       61%         4
 Animate Armour           Summ/Erth      4%         N/A       88%         4
 Fireball                 Conj/Fire      4%         3d4       91%         5
 Blade Hands              Tmut           1%         N/A       99%         5
 Iron Shot                Conj/Erth      1%         9d1       100%        6


Dungeon Overview and Level Annotations

Branches:
Dungeon (2/15)

Altars:
The Shining One


Innate Abilities, Weirdness & Mutations

You are too large for most types of armour.
You have tough skin. (AC +1)


Message History

A ball python comes into view.
An endoplasm comes into view.
The endoplasm quivers.
There is a glowing golden altar of the Shining One here.
You kneel at the altar of the Shining One.
The Shining One welcomes you!
The ball python hisses angrily.
You hear a shout!
You see here a scroll labelled PAURAP TEORIEN.
Casting: Foxfire (safe; 8% risk of failure)
Confirm with . or Enter, or press ? or * to list all spells.
You conjure some foxfire!
A goblin comes into view. It is wielding a +0 club.
Your foxfire dissipates!
A giant cockroach comes into view.
Found a scroll labelled WAHIHI UHARPH.
The foxfire hits the ball python.
You kill the ball python!
The endoplasm hits you but does no damage.
Casting: Foxfire (safe; 8% risk of failure)
Confirm with . or Enter, or press ? or * to list all spells.
You miscast Foxfire.
You are very lightly contaminated with residual magic.
Nothing appears to happen.
The endoplasm hits you.
You barely miss the endoplasm. The goblin hits you with a +0 club.
The endoplasm freezes you.
You are frozen.
* * * LOW HITPOINT WARNING * * *
You barely miss the goblin. The goblin hits you with a +0 club.
* * * LOW HITPOINT WARNING * * *
The endoplasm closely misses you.
You closely miss the goblin. The giant cockroach barely misses you.
The goblin barely misses you. The endoplasm barely misses you.
Casting: Foxfire (safe; 8% risk of failure)
Confirm with . or Enter, or press ? or * to list all spells.
You miscast Foxfire.
Nothing appears to happen.
The giant cockroach bites you.
* * * LOW HITPOINT WARNING * * *
The goblin hits you but does no damage. The goblin hits you with a +0 club.
* * * LOW HITPOINT WARNING * * *
The endoplasm barely misses you. The goblin hits you with a +0 club.
You die...

#..........#
#..........#
#####..........#
...........†<..#
.............?#
####..........#
##......!...#
#...........#
#.@._..######
#gBg...#
.?.....J.†..#
.............#
.............#
........>....#
.............#
.............#
............##


You could see an endoplasm, a giant cockroach and 2 goblins.

Vanquished Creatures
  An adder (D:2)
  An endoplasm (D:1)
  3 giant cockroaches
  3 hobgoblins (D:1)
  A quokka (D:1)
  4 ball pythons
  2 frilled lizards
  A goblin (D:1)
  2 rats (D:1)
18 creatures vanquished.

Vanquished Creatures (collateral kills)
  A foxfire (D:1)
1 creature vanquished.

Vanquished Creatures (others)
  32 foxfires
  A plant (D:1)
33 creatures vanquished.

Grand Total: 52 creatures vanquished

Notes
Turn   | Place    | Note
-------+----------+-------------------------------------------
     0 | D:1      | lonewolfV2 the Ogre Fire Elementalist began the quest for
                  | the Orb.
     0 | D:1      | Reached XP level 1. HP: 16/16 MP: 3/3
   228 | D:1      | Reached skill level 3 in Fire Magic
   517 | D:1      | Reached XP level 2. HP: 24/24 MP: 3/5
  1427 | D:2      | Found a glowing golden altar of the Shining One.
  1441 | D:2      | Reached skill level 1 in Conjurations
  1441 | D:2      | Reached XP level 3. HP: 9/31 MP: 1/7
  1577 | D:2      | Became a worshipper of the Shining One
  1587 | D:2      | Slain by a goblin

Illustrated notes

Levels and vault maps discovered:
D:1:      tarquinn_simple_flora_water_b, layout_loops_ring, serial_forest,
          infiniplex_forest_clump_long, infiniplex_forest_zigzag_1,
          infiniplex_forest_end_2, infiniplex_forest_clump_cross,
          infiniplex_forest_lined_room_3, infiniplex_forest_end_2,
          infiniplex_forest_clump_long, infiniplex_forest_clump_small
D:2:      layout_rooms, basic_altar, basic_ecumenical_altar

Skill      XL: |  1  2 |
---------------+-------+-----
Fire Magic     | 3 |  3.3
Dodging        | 2 |  2.0
Conjurations   | 1 |  1.0
Fighting       | |  0.2
Stealth        | |  1.4
Unarmed Combat | |  0.1
Spellcasting   | |  2.8

Action                   || total
-------------------------++-------
Melee: Unarmed           ||    68
 Cast: Foxfire           ||    30
Armor: Robe              ||    27
Dodge: Dodged            ||    40
